 Dungeon Crawl Stone Soup version 0.28.0-43-g3370ac3207 (webtiles) character file.

Game seed: 9472480308392519940

28924 fknight the Spear-Bearer (level 13, -14/104 HPs)
             Began as a Gnoll Berserker on Mar 11, 2022.
             Was a Priest of Trog.
             Demolished by a death yak (21 damage)
             ... on level 6 of the Lair of Beasts.
             The game lasted 01:06:55 (18622 turns).

fknight the Spear-Bearer (Gnoll Berserker)         Turns: 18622, Time: 01:06:56

Health: -14/104    AC: 19    Str: 25    XL:     13   Next: 42%
Magic:  25/25      EV: 11    Int:  6    God:    Trog [***...]
Gold:   860        SH:  0    Dex: 15    Spells: 28/28 levels left

rFire   . . .      SeeInvis .   D - +2 spear (flame)
rCold   . . .      Faith    +   A - orb {light}
rNeg    + . .      Spirit   .   M - +1 plate armour
rPois   +          Reflect  .   V - +0 helmet of Nemelex Xobeh's Envy {rN+}
rElec   .          Harm     .   (no cloak)
rCorr   .          Rampage  .   (no gloves)
Will    +....                   U - +1 pair of boots
Stlth   ..........              B - amulet of faith
HPRegen 0.27/turn               L - ring of poison resistance
MPRegen 0.19/turn               S - ring "Wifruih" {+Blink Will+ Str+6}

@: mighty, about to teleport, on berserk cooldown, hasted and slowed, glowing,
very slow
A: fangs 1, strong nose, distributed training
a: Renounce Religion, Evoke Blink, Berserk, Trog's Hand


You were on level 6 of the Lair of Beasts.
You worshipped Trog.
Trog was most pleased with you.
You visited 3 branches of the dungeon, and saw 15 of its levels.

You collected 860 gold pieces.

Inventory:

Hand Weapons
 c - a +0 hunting sling
 t - a +0 flail of protection
 v - a +3 long sword
 D - a +2 spear of flaming (weapon)
 E - a +2 long sword
 G - a +4 flail
 H - a +0 hand crossbow
 J - a +0 dagger of electrocution
 O - the +7 falchion "Giasmioz" {vorpal, Int+3}
   (You found it on level 6 of the Dungeon)

   It inflicts extra damage upon your enemies.
   Int:       It affects your intelligence (+3).
 P - a +3 scimitar
 Q - a +1 spear of freezing
 R - a +5 spear of protection
 T - a +0 halberd
Missiles
 a - 2 boomerangs
 g - 570 stones (quivered)
 i - 158 sling bullets
 r - 26 poisoned darts
 F - 2 throwing nets
 I - 81 bolts
 W - 5 atropa-tipped darts
Armour
 f - +0 steam dragon scales
 l - a +0 helmet
 o - an orb of mayhem
 w - a +2 scale mail of poison resistance
 x - a +3 leather armour
 A - an orb of light (worn)
 M - a +1 plate armour (worn)
 U - a +1 pair of boots (worn)
 V - the +0 helmet of Nemelex Xobeh's Envy (worn) {rN+}
   (You found it on level 7 of the Dungeon)

   rN:        It protects you from negative energy.
Jewellery
 B - an amulet of faith (around neck)
 L - a ring of poison resistance (left hand)
 S - the ring "Wifruih" (right hand) {+Blink Will+ Str+6}
   (You found it on level 3 of the Lair of Beasts)

   [ring of strength]

   Str:       It affects your strength (+6).
   +Blink:    It lets you blink.
   Will:      It increases your willpower.
Wands
 k - a wand of flame (12)
 q - a wand of paralysis (8)
 y - a wand of polymorph (13)
 C - a wand of mindburst (2)
 K - a wand of digging (6)
 X - a wand of iceblast (5)
Scrolls
 e - 4 scrolls of teleportation
 p - 3 scrolls of magic mapping
Potions
 b - a potion of invisibility
 d - 2 potions of might
 h - a potion of haste
 j - a potion of resistance
 m - 2 potions of curing
 n - a potion of heal wounds {unknown}
 s - 2 potions of cancellation
 u - 2 potions of ambrosia
 z - 2 potions of flight
 N - a potion of berserk rage {unknown}
 Y - a potion of magic {unknown}
 Z - a potion of degeneration {unknown}


   Skills:
 + Level 10.6 Fighting
 + Level 8.3 Short Blades
 + Level 8.3 Long Blades
 + Level 8.3 Axes
 + Level 8.3 Maces & Flails
 + Level 10.6 Polearms
 + Level 8.3 Staves
 + Level 8.3 Slings
 + Level 8.3 Bows
 + Level 8.3 Crossbows
 + Level 8.3 Throwing
 + Level 9.5 Armour
 + Level 9.5 Dodging
 + Level 8.3 Stealth
 + Level 8.3 Shields
 + Level 8.3 Unarmed Combat
 + Level 8.3 Spellcasting
 + Level 6.9 Conjurations
 + Level 6.9 Hexes
 + Level 6.9 Summonings
 + Level 6.9 Necromancy
 + Level 6.9 Translocations
 + Level 6.9 Transmutations
 + Level 6.9 Fire Magic
 + Level 6.9 Ice Magic
 + Level 6.9 Air Magic
 + Level 6.9 Earth Magic
 + Level 6.9 Poison Magic
 + Level 9.1 Invocations
 + Level 8.3 Evocations


You had 28 spell levels left.
You didn't know any spells.
Your spell library was empty.

Dungeon Overview and Level Annotations

Branches:
Dungeon (8/15)             Temple (1/1) D:5            Lair (5/6) D:8
  Swamp (0/4) Lair:2       Spider (0/4) Lair:3        Slime (0/5) Lair:5

Altars:
Cheibriados

Shops:
D:6 [   D:7 =

Annotations:
Lair:5 1 runed translucent door


Innate Abilities, Weirdness & Mutations

You have very sharp teeth.
Your uncanny sense of smell can sniff out nearby items.
Your experience applies equally to all skills.


Message History

The death yak is almost dead.
You puncture the death yak! You burn the death yak.
You kill the death yak!
Trog accepts your kill.
Your unstable footing causes you to fumble your attack.
You puncture the death yak! You burn the death yak.
The death yak is heavily wounded.
Your unstable footing causes you to fumble your attack.
You are no longer berserk.
You are exhausted.
You feel yourself slow down.
Your skin stops crawling.
You feel less strong-willed.
The death yak gores you but does no damage.
You hit the death yak but do no damage.
The death yak is heavily wounded.
The death yak gores you but does no damage. x2
You hit the death yak. You burn the death yak.
The death yak is severely wounded.
The death yak barely misses you. The death yak gores you! x2
You are too injured to fight recklessly!
You blink.
Splash!
The death yak misses you.
The death yak gores you but does no damage.
The death yak gores you. The death yak gores you!
Okay, then.
You feel yourself speed up.
You feel stable enough to blink again. The death yak gores you. x2
You feel very mighty all of a sudden. The death yak closely misses you.
The death yak gores you but does no damage.
The death yak gores you!
* * * LOW HITPOINT WARNING * * *
Your unstable footing causes you to fumble your attack.
The death yak gores you!
* * * LOW HITPOINT WARNING * * *
As you read the scroll of teleportation, it crumbles to dust.
You feel strangely unstable. The death yak gores you!!
You die...

#..≈≈≈≈≈≈≈≈≈≈≈≈≈♣♣♣....
##.≈≈†≈≈≈≈≈≈≈≈≈ ♣###.
#PP≈♣†≈≈≈≈≈≈≈≈♣P #.
#P.≈♣≈≈≈≈≈≈≈≈≈≈≈ ##
##.♣♣≈≈≈≈≈≈≈≈P≈≈ .
..P♣≈≈≈≈≈≈≈≈≈♣≈ ##
##..♣≈≈≈≈≈≈≈≈≈≈♣ #.
♣≈Y♣≈≈≈♣≈≈≈≈
#...≈♣@YY≈≈≈≈≈♣♣
#...≈♣♣Yl≈≈≈≈≈≈♣ #..#.
♣♣≈≈≈≈≈♣≈≈
#....#♣≈≈≈≈≈≈≈♣
#P......♣♣♣♣♣≈#
#......Yl♣ #
#.##.#....# #..#...Y#
####..YY..


You could see 4 death yaks and a komodo dragon.

Vanquished Creatures
  8 hydras
  A boulder beetle (Lair:3)
  2 death yaks (Lair:6)
  3 elephants (Lair:3)
  A black mamba (Lair:3)
  8 cane toads
  6 komodo dragons
  A rime drake (Lair:2)
  A meliai (Lair:3)
  19 blink frogs
  7 dream sheep (Lair:6)
  2 wyverns
  A basilisk (Lair:4)
  35 yaks
  A steam dragon (D:8)
  2 hell hounds (Lair:1)
  9 water moccasins
  4 orc warriors
  2 sky beasts (D:5)
  An ice beast (D:6)
  2 necrophages
  3 black bears
  2 ogres
  8 wolves
  2 phantoms
  17 bullfrogs
  A gnoll sergeant (D:8)
  A wyvern zombie (D:8)
  A kobold brigand (D:6)
  3 scorpions
  5 killer bees (Lair:3)
  8 wights
  2 howler monkeys
  An electric eel (Lair:6)
  A bullfrog zombie (D:5)
  A jelly (D:6)
  5 orc priests
  4 gnoll shamans
  4 iguanas
  Ijyb (D:3)
  7 orc wizards
  A howler monkey zombie (D:6)
  Robin (D:3)
  21 gnolls
  6 adders
  2 shadow imps
  3 white imps
  2 ufetubi
  2 worms
  3 dart slugs
  40 orcs
  13 bats
  4 endoplasms
  6 giant cockroaches
  11 hobgoblins
  3 jackals (D:2)
  12 kobolds
  3 quokkas
  7 ball pythons
  4 frilled lizards
  9 goblins
  7 rats
353 creatures vanquished.

Vanquished Creatures (others)
  An orc wizard (D:6)
  28 fungi
  54 plants
83 creatures vanquished.

Grand Total: 436 creatures vanquished

Notes
Turn   | Place    | Note
-------+----------+-------------------------------------------
     0 | D:1      | fknight the Gnoll Berserker began the quest for the Orb.
     0 | D:1      | Reached XP level 1. HP: 23/23 MP: 1/1
     1 | D:1      | Found a snail-covered altar of Cheibriados.
    53 | D:1      | Found a faded altar of an unknown god.
   101 | D:1      | Reached XP level 2. HP: 29/29 MP: 2/2
   721 | D:1      | Reached XP level 3. HP: 35/35 MP: 3/3
  1101 | D:2      | Reached skill level 1 in Invocations
  1104 | D:2      | Reached ** piety under Trog
  1115 | D:2      | Reached skill level 1 in Short Blades
  1115 | D:2      | Reached skill level 1 in Long Blades
  1115 | D:2      | Reached skill level 1 in Axes
  1115 | D:2      | Reached skill level 1 in Maces & Flails
  1115 | D:2      | Reached skill level 1 in Staves
  1115 | D:2      | Reached skill level 1 in Slings
  1115 | D:2      | Reached skill level 1 in Bows
  1115 | D:2      | Reached skill level 1 in Crossbows
  1115 | D:2      | Reached skill level 1 in Throwing
  1115 | D:2      | Reached skill level 1 in Stealth
  1115 | D:2      | Reached skill level 1 in Shields
  1115 | D:2      | Reached skill level 1 in Unarmed Combat
  1115 | D:2      | Reached skill level 1 in Spellcasting
  1115 | D:2      | Reached skill level 1 in Evocations
  1285 | D:2      | Reached XP level 4. HP: 31/41 MP: 5/5
  1639 | D:3      | Noticed Robin
  1655 | D:3      | Reached skill level 1 in Conjurations
  1655 | D:3      | Reached skill level 1 in Hexes
  1655 | D:3      | Reached skill level 1 in Summonings
  1655 | D:3      | Reached skill level 1 in Necromancy
  1655 | D:3      | Reached skill level 1 in Translocations
  1655 | D:3      | Reached skill level 1 in Transmutations
  1655 | D:3      | Reached skill level 1 in Fire Magic
  1655 | D:3      | Reached skill level 1 in Ice Magic
  1655 | D:3      | Reached skill level 1 in Air Magic
  1655 | D:3      | Reached skill level 1 in Earth Magic
  1655 | D:3      | Reached skill level 1 in Poison Magic
  1672 | D:3      | Killed Robin
  2024 | D:3      | Reached XP level 5. HP: 44/47 MP: 6/6
  2144 | D:3      | Noticed Ijyb
  2155 | D:3      | Paralysed by Ijyb for 2 turns
  2161 | D:3      | Paralysed by Ijyb for 6 turns
  2169 | D:3      | Killed Ijyb
  2394 | D:3      | Reached *** piety under Trog
  2981 | D:4      | Reached XP level 6. HP: 42/53 MP: 8/8
  3336 | D:5      | Entered Level 5 of the Dungeon
  3336 | D:5      | Found a staircase to the Ecumenical Temple.
  3442 | D:5      | Reached skill level 5 in Armour
  3442 | D:5      | Reached skill level 5 in Dodging
  3965 | D:5      | Noticed a sky beast
  3989 | D:5      | Killed a sky beast
  3990 | D:5      | Reached XP level 7. HP: 39/60 MP: 10/10
  4418 | D:5      | Reached XP level 8. HP: 62/67 MP: 12/12
  4960 | Temple   | Entered the Ecumenical Temple
  5201 | D:6      | Found Cuxyclou's Armour Emporium.
  5885 | D:6      | Reached XP level 9. HP: 40/72 MP: 14/14
  6096 | D:6      | Identified the +7 falchion "Giasmioz" {vorpal, Int+3}
  6693 | D:7      | Found Maen Peu's Jewellery Shop.
  6765 | D:7      | Identified the +0 helmet of Nemelex Xobeh's Envy {rN+}
  8013 | D:8      | Reached skill level 5 in Invocations
  8426 | D:8      | Found a staircase to the Lair.
  8786 | D:8      | Reached XP level 10. HP: 46/80 MP: 17/17
  9043 | D:8      | Reached skill level 5 in Short Blades
  9043 | D:8      | Reached skill level 5 in Long Blades
  9043 | D:8      | Reached skill level 5 in Axes
  9043 | D:8      | Reached skill level 5 in Maces & Flails
  9043 | D:8      | Reached skill level 5 in Staves
  9043 | D:8      | Reached skill level 5 in Slings
  9043 | D:8      | Reached skill level 5 in Bows
  9043 | D:8      | Reached skill level 5 in Crossbows
  9043 | D:8      | Reached skill level 5 in Throwing
  9043 | D:8      | Reached skill level 5 in Stealth
  9043 | D:8      | Reached skill level 5 in Shields
  9043 | D:8      | Reached skill level 5 in Unarmed Combat
  9043 | D:8      | Reached skill level 5 in Spellcasting
  9043 | D:8      | Reached skill level 5 in Evocations
  9455 | Lair:1   | Entered Level 1 of the Lair of Beasts
  9563 | Lair:1   | Noticed an eight-headed hydra
  9576 | Lair:1   | Killed an eight-headed hydra
  9984 | Lair:1   | Noticed a cane toad
  9985 | Lair:1   | Noticed a cane toad
  9987 | Lair:1   | Noticed a cane toad
 10005 | Lair:1   | Killed a cane toad
 10009 | Lair:1   | Killed a cane toad
 10016 | Lair:1   | Killed a cane toad
 10951 | Lair:2   | Reached XP level 11. HP: 46/87 MP: 19/19
 11276 | Lair:2   | Found a staircase to the Swamp.
 11349 | Lair:2   | Reached skill level 5 in Conjurations
 11349 | Lair:2   | Reached skill level 5 in Hexes
 11349 | Lair:2   | Reached skill level 5 in Summonings
 11349 | Lair:2   | Reached skill level 5 in Necromancy
 11349 | Lair:2   | Reached skill level 5 in Translocations
 11349 | Lair:2   | Reached skill level 5 in Transmutations
 11349 | Lair:2   | Reached skill level 5 in Fire Magic
 11349 | Lair:2   | Reached skill level 5 in Ice Magic
 11349 | Lair:2   | Reached skill level 5 in Air Magic
 11349 | Lair:2   | Reached skill level 5 in Earth Magic
 11349 | Lair:2   | Reached skill level 5 in Poison Magic
 12339 | Lair:3   | Noticed a boulder beetle
 12368 | Lair:3   | Killed a boulder beetle
 13389 | Lair:3   | Noticed a four-headed hydra
 13415 | Lair:3   | Killed a four-headed hydra
 13594 | Lair:3   | Identified the ring "Wifruih" {+Blink Will+ Str+6}
 13843 | Lair:3   | Reached XP level 12. HP: 66/96 MP: 22/22
 14079 | Lair:3   | Found a hole to the Spider Nest.
 15528 | Lair:4   | Noticed a six-headed hydra
 15542 | Lair:4   | Killed a six-headed hydra
 15543 | Lair:4   | Reached skill level 10 in Fighting
 15543 | Lair:4   | Reached skill level 10 in Polearms
 15840 | Lair:4   | Reached **** piety under Trog
 16912 | Lair:5   | Noticed a six-headed hydra
 16929 | Lair:5   | Killed a six-headed hydra
 17455 | Lair:5   | Reached XP level 13. HP: 97/103 MP: 24/24
 17627 | Lair:5   | Found a runed translucent door.
 17651 | Lair:5   | Found a staircase to the Slime Pits.
 18222 | Lair:5   | You fall into a shaft and drop 1 floor!
 18222 | Lair:6   | Entered Level 6 of the Lair of Beasts
 18622 | Lair:6   | Demolished by a death yak

Illustrated notes

Levels and vault maps discovered:
D:1:      sevenhm_arrival_forest_fort_small_6, layout_rooms,
          chequers_ecumenical_altar_twisty, wad_floor_pattern_untrapped,
          minmay_crystal_room
D:2:      minmay_diamond_boxcup, layout_rooms
D:3:      minmay_wonky_spiral, layout_rooms, uniq_ijyb, uniq_robin
D:4:      layout_basic, serial_bayou_lagoon_a
D:5:      layout_basic, minmay_temple_entry_drinking_statues, minmay_checkerbox
D:6:      layout_loops_corners, serial_shops,
          nicolae_shop_temple_entry_statues_fountains
D:7:      layout_basic, serial_shops, nicolae_inconvenience_store,
          dk_noncrumbling_3
D:8:      layout_loops_cross, grunt_lair_entry_orc_guard_hut
Temple:   dpeg_five_rooms_temple
Lair:1:   layout_regular_city, enter_volcano_3
Lair:2:   layout_misc_corridors, swamp_mist, grunt_megastairs_2,
          infiniplex_staircase_pool_2
Lair:3:   layout_cave_pods, hellmonk_spider_entry_not_the_bees,
          grunt_forest_small_clearing_treed, grunt_megastairs_4
Lair:4:   layout_long_grid
Lair:5:   gammafunk_indiana_jones, layout_cave_shapes, slime_dummy, st_stairs_4
Lair:6:   evilmike_catoblepas_cave, layout_concentric_octagons, serial_bayou,
          serial_bayou_shore_a, serial_bayou_pond_b, serial_bayou_crossing,
          serial_bayou_lake_a

Skill      XL: |  1  2  3  4  5  6  7  8  9 10 11 12 13 |
---------------+----------------------------------------+-----
Invocations    | 1 2 3 4 5 6 7 8 9 |  9.1
Short Blades   | 1 2 3 4 5 6 7 8 |  8.3
Long Blades    | 1 2 3 4 5 6 7 8 |  8.3
Axes           | 1 2 3 4 5 6 7 8 |  8.3
Maces & Flails | 1 2 3 4 5 6 7 8 |  8.3
Staves         | 1 2 3 4 5 6 7 8 |  8.3
Slings         | 1 2 3 4 5 6 7 8 |  8.3
Bows           | 1 2 3 4 5 6 7 8 |  8.3
Crossbows      | 1 2 3 4 5 6 7 8 |  8.3
Throwing       | 1 2 3 4 5 6 7 8 |  8.3
Stealth        | 1 2 3 4 5 6 7 8 |  8.3
Shields        | 1 2 3 4 5 6 7 8 |  8.3
Unarmed Combat | 1 2 3 4 5 6 7 8 |  8.3
Spellcasting   | 1 2 3 4 5 6 7 8 |  8.3
Evocations     | 1 2 3 4 5 6 7 8 |  8.3
Conjurations   | 1 2 3 4 5 6 |  6.9
Hexes          | 1 2 3 4 5 6 |  6.9
Summonings     | 1 2 3 4 5 6 |  6.9
Necromancy     | 1 2 3 4 5 6 |  6.9
Translocations | 1 2 3 4 5 6 |  6.9
Transmutations | 1 2 3 4 5 6 |  6.9
Fire Magic     | 1 2 3 4 5 6 |  6.9
Ice Magic      | 1 2 3 4 5 6 |  6.9
Air Magic      | 1 2 3 4 5 6 |  6.9
Earth Magic    | 1 2 3 4 5 6 |  6.9
Poison Magic   | 1 2 3 4 5 6 |  6.9
Armour         | 5 6 7 8 9 |  9.5
Dodging        | 5 6 7 8 9 |  9.5
Fighting       | 7 8 9 10 | 10.6
Polearms       | 7 8 9 10 | 10.6

Action                   |  1- 3 |  4- 6 |  7- 9 | 10-12 | 13-15 || total
-------------------------+-------+-------+-------+-------+-------++-------
Melee: Spear             |   142 |     6 |   231 |   936 |   186 ||  1501
       Bite              |    13 |    13 |    46 |   144 |    34 ||   250
       Trident           |       |   236 |   269 |       |       ||   505
       Punch             |       |     5 |    11 |    11 |       ||    27
       Flail             |       |       |       |     5 |       ||     5
Throw: Stone             |       |     1 |    18 |    26 |    17 ||    62
Invok: Berserk           |     1 |     2 |    10 |    12 |     4 ||    29
       Trog's Hand       |       |     2 |     8 |    13 |     4 ||    27
 Abil: Evoke Blink       |       |       |       |       |     1 ||     1
Evoke: Wand              |       |     1 |       |     1 |       ||     2
  Use: Scroll            |       |       |    15 |     6 |     3 ||    24
       Potion            |       |       |       |     1 |     2 ||     3
 Stab: Paralysed         |       |     4 |       |     5 |       ||     9
       Sleeping          |       |     1 |       |       |       ||     1
Armor: Animal skin       |     4 |       |       |       |       ||     4
       Leather armour    |    25 |    24 |       |       |       ||    49
       Scale mail        |       |    56 |    76 |       |       ||   132
       Plate armour      |       |       |    97 |   435 |    72 ||   604
Dodge: Dodged            |    92 |   136 |   141 |   303 |    54 ||   726
